 Dungeon Crawl Stone Soup version 0.30-a0-739-gea05faddec (webtiles) character file.

Game seed: 11256254709100778527

4 Farfigtubin the Caller (level 1, 0/13 HPs)
             Began as a Barachi Summoner on Feb 5, 2023.
             Slain by a goblin
             ... wielding a +0 dagger
              (1 damage)
             ... on level 1 of the Dungeon.
             The game lasted 00:02:12 (195 turns).

Farfigtubin the Caller (Barachi Summoner)            Turns: 195, Time: 00:02:12

Health: 0/13       AC:  2    Str:  9    XL:     1   Next: 70%
Magic:  2/3        EV: 12    Int: 15    God:
Gold:   11         SH:  0    Dex: 12    Spells: 3/4 levels left

rFire   . . .      SeeInvis .    (no weapon)
rCold   . . .      Faith    .    (no shield)
rNeg    . . .      Spirit   .    a - +0 robe
rPois   .          Reflect  .    (no helmet)
rElec   .          Harm     .    (no cloak)
rCorr   .          Rampage  .    (no gloves)
Will    .....                    (no boots)
Stlth   ++                       (no amulet)
HPRegen 0.22/turn                (no ring)
MPRegen 0.08/turn                (no ring)

@: slow
A: amphibious, slowness 1, strong legs 1, +LOS
a: Hop


You were on level 1 of the Dungeon.
You visited 1 branch of the dungeon, and saw 1 of its levels.

You collected 11 gold pieces.

Inventory:

Armour
 a - a +0 robe (worn)
Jewellery
 e - a ring of protection from fire
Scrolls
 c - a scroll of enchant armour {unknown}
 d - a scroll of fog {unknown}
Potions
 b - a potion of magic
 f - a potion of lignification {unknown}


   Skills:
 + Level 2.1 Dodging
 + Level 1.7 Stealth
 + Level 0.4 Unarmed Combat
 + Level 2.1 Spellcasting
 + Level 5.0 Summonings


You had 3 spell levels left.
You knew the following spells:

 Your Spells              Type           Power      Damage    Failure   Level
a - Summon Small Mammal   Summ           64%        N/A       2%          1

Your spell library contained the following spells:

 Spells                   Type           Power      Damage    Failure   Level
 Call Imp                 Summ           16%        N/A       4%          2
 Call Canine Familiar     Summ           16%        N/A       9%          3
 Summon Guardian Golem    Hex/Summ       9%         N/A       22%         3
 Summon Lightning Spire   Summ/Air       9%         N/A       58%         4


Dungeon Overview and Level Annotations

Branches:
Dungeon (1/15)

Altars:


Innate Abilities, Weirdness & Mutations

You are amphibious.
You cover ground slowly.
You can hop short distances.
You have an extended range of vision and can be seen from far away.


Message History

The goblin hits your quokka with a +0 dagger.
Your quokka dies!
Your quokka's corpse disappears in a puff of smoke!
The goblin attacks as you move away! The goblin completely misses you.
The goblin attacks as you move away! The goblin barely misses you.
The goblin hits you with a +0 dagger.
Casting: Summon Small Mammal (safe; 2% risk of failure)
Press: ? - help, Q - select action, (/) - cycle Dir - look around, f - activate The goblin closely misses you.
The goblin attacks as you move away! The goblin misses you.
You swap places.
The goblin misses your rat.
Your rat barely misses the goblin.
The goblin hits your rat with a +0 dagger.
Your rat dies!
Your rat's corpse disappears in a puff of smoke!
The goblin attacks as you move away! The goblin hits you with a +0 dagger.
Casting: Summon Small Mammal (safe; 2% risk of failure)
Press: ? - help, Q - select action, (/) - cycle Dir - look around, f - activate The goblin hits you with a +0 dagger.
* * * LOW HITPOINT WARNING * * *
You completely miss the goblin. The goblin barely misses you.
You closely miss the goblin.
The hobgoblin hits your quokka but does no damage.
The goblin misses you.
Your quokka misses the goblin. You closely miss the goblin.
Your quokka closely misses the goblin.
The hobgoblin hits your quokka but does no damage.
The goblin barely misses you.
You hit the goblin but do no damage.
Your quokka barely misses the goblin.
The goblin hits you but does no damage.
The hobgoblin closely misses your quokka.
You closely miss the goblin.
Your quokka completely misses the goblin.
The goblin hits your quokka with a +0 dagger.
The hobgoblin hits your quokka.
Your quokka barely misses the hobgoblin.
You barely miss the goblin. You punch the goblin.
The goblin is severely wounded.
The hobgoblin hits you.
* * * LOW HITPOINT WARNING * * *
The goblin hits you with a +0 dagger.
You die...

.. ##.###.########.# #.#
.. #.....# #.# #.# ..
#.....# #.# #g#
#.....#...# #.# #.#
##### #..†# #.# #g#
#...# #.# #.#
######...########.# #.#
#........>.....rg.####.#
#.####.........@gg.....#
###################


You could see a hobgoblin (ally target), 2 goblins and a friendly quokka
(summoned).

Vanquished Creatures
  A bat (D:1)
  A goblin (D:1)
2 creatures vanquished.

Vanquished Creatures (collateral kills)
  A hobgoblin (D:1)
  A rat (D:1)
2 creatures vanquished.

Grand Total: 4 creatures vanquished

Notes
Turn   | Place    | Note
-------+----------+-------------------------------------------
     0 | D:1      | Farfigtubin the Barachi Summoner began the quest for the
                  | Orb.
     0 | D:1      | Reached XP level 1. HP: 13/13 MP: 3/3
    12 | D:1      | Found a faded altar of an unknown god.
    79 | D:1      | Reached skill level 5 in Summonings
   195 | D:1      | Slain by a goblin

Illustrated notes

Levels and vault maps discovered:
D:1:      amcnicky_arrival_blooded_trapdoor, layout_loops_ring,
          dreamdust_ecumenical_altar_grove

Skill      XL: |  1 |
---------------+----+-----
Summonings     | 5 |  5.0
Dodging        | |  2.1
Stealth        | |  1.7
Unarmed Combat | |  0.4
Spellcasting   | |  2.1

Action                     || total
---------------------------++-------
  Melee: Unarmed           ||    25
         Punch             ||     1
   Cast: Summon Small Mamm ||     6
Ability: Hop               ||     1
 Armour: Robe              ||    10
  Dodge: Dodged            ||    25

Table legend: (Time is in decaauts)
 A = Elapsed time spent in this place.
 B = Non-inter-level travel time spent in this place.
 C = Inter-level travel time spent in this place.
 D = Time resting spent in this place.
 E = Time spent auto-exploring this place.
 F = Levels seen in this place.
 G = Mean time per level.
                   A        B        C        D        E       F      G
               +--------+--------+--------+--------+--------+-----+--------+
         Total |    226 |    226 |      0 |      0 |      8 |   1 |  226.0 |
       Dungeon |    226 |    226 |      0 |      0 |      8 |   1 |  226.0 |
               +--------+--------+--------+--------+--------+-----+--------+

Top non-repeatable levels by time:
     D:1: 226 daAuts
